 Dungeon Crawl Stone Soup version 0.31-a0-846-gb3bcc0d938 (webtiles) character file.

Game seed: 17007846271168225501

9051 lunkers the Martial Artist (level 11, 0/132 (136) HPs)
             Began as a Meteoran Shapeshifter on Oct 3, 2023.
             Was a High Priest of Okawaru.
             Slain by a black mamba (8 damage)
             ... on level 3 of the Lair of Beasts.
             The game lasted 00:12:13 (4196 turns).

lunkers the Martial Artist (Meteoran Shapeshifter)  Turns: 4196, Time: 00:12:14

HP:   0/132 (136)   AC: 25    Str: 16    XL:     11   Next: 99%
MP:   16/17         EV:  2    Int: 17    God:    Okawaru [*****.]
Gold: 1371          SH: 11    Dex: 19    Spells: 10/10 levels left

rFire   + .          .
                       - Unarmed
rCold   . . .        g - +0 buckler
rNeg    . . .        e - melded +6 ring mail of Reakubeak {*Corrode Dex+6 Stlth+}
rPois   +            (helmet currently unavailable)
rElec   .            (cloak currently unavailable)
rCorr   .            (gloves currently unavailable)
SInv    .            (boots currently unavailable)
Will    +....        s - amulet of reflection
Stlth   ++           l - +6 ring of intelligence
HPRegen 0.42/turn    b - ring of protection from fire
MPRegen 0.15/turn

%: reflection
@: tree-form, heroic, glowing, lightly drained
A: stationary, stasis, torment immunity, boosted hp, sense surroundings 2,
otherworldly, glowing, explore regen
a: Renounce Religion, Heroism, Finesse, Duel


You were on level 3 of the Lair of Beasts.
You worshipped Okawaru.
Okawaru was extremely pleased with you.
You were a tree.
You visited 3 branches of the dungeon, and saw 13 of its levels.

You collected 1371 gold pieces.

Inventory:

Missiles
 A - 2 atropa-tipped darts
Armour
 e - the +6 ring mail of Reakubeak (melded) {*Corrode Dex+6 Stlth+}
   (You acquired it in the Ecumenical Temple)

   Dex+6:     It affects your dexterity (+6).
   *Corrode:  It may corrode you when you take damage.
   Stlth+:    It makes you more stealthy.
 g - a +0 buckler (worn)
 t - a +0 helmet
Jewellery
 b - a ring of protection from fire (right branch)
 h - a +6 ring of intelligence
 l - a +6 ring of intelligence (left branch)
 o - a +6 ring of intelligence
 s - an amulet of reflection (around neck)
 y - a ring of wizardry
Talismans
 c - a beast talisman
 d - a flux talisman
Wands
 k - a wand of flame (15)
 r - a wand of quicksilver (10)
 v - a wand of mindburst (16)
Scrolls
 a - 2 scrolls of identify
 i - a scroll of teleportation
 m - 3 scrolls of amnesia
 B - a scroll of brand weapon {unknown}
Potions
 f - a potion of magic
 j - 3 potions of enlightenment
 n - a potion of invisibility
 p - 2 potions of ambrosia
 q - a potion of cancellation
 u - 2 potions of heal wounds
 w - a potion of brilliance
 z - a potion of curing


   Skills:
 + Level 6.7(11.7) Fighting
 + Level 7.0(12.0) Dodging
 * Level 14.0(19.0) Unarmed Combat
 + Level 7.6 Invocations
 + Level 9.6 Shapeshifting


You had 10 spell levels left.
You didn't know any spells.
Your spell library contained the following spells:

 Spells                   Type           Power      Damage    Failure   Level
 Apportation              Tloc           0%         N/A       30%         1
 Kiss of Death            Conj/Necr      0%         2d5       30%         1
 Necrotise                Necr           0%         1d4       30%         1
 Sting                    Tmut/Pois      0%         1d3       30%         1
 Cigotuvi's Dreadful Rot  Necr/Pois/Air  0%         N/A       41%         2
 Poisonous Vapours        Pois/Air       0%         N/A       41%         2
 Confusing Touch          Hex            0%         N/A       65%         3
 Gell's Gravitas          Tloc           0%         N/A       65%         3
 Teleport Other           Tloc           0%         N/A       65%         3
 Dispel Undead            Necr           0%         3d6       96%         4
 Olgreb's Toxic Radiance  Pois           0%         N/A       96%         4
 Conjure Ball Lightning   Conj/Air       0%         3x3d6     100%        6
 Dispersal                Tloc           0%         N/A       100%        6
 Discord                  Hex            0%         N/A       100%        8
 Disjunction              Tloc           0%         N/A       100%        8
 Summon Small Mammal      Summ           Unusable   N/A       N/A         1
 Animate Armour           Summ/Erth      Unusable   N/A       N/A         4

Dungeon Overview and Level Annotations

Branches:
Dungeon (9/15) Zot: 1964   Temple (1/1) D:7 Zot: 466    Lair (3/5) D:9 Zot: 1263
    Orc (0/2) D:9
  Swamp: Lair:2-3    Shoals: Lair:2-3     Snake: Lair:2-3    Spider: Lair:2-3

Altars:
Cheibriados
Dithmenos
Elyvilon
Gozag
Hepliaklqana
Kikubaaqudgha
Makhleb
Nemelex Xobeh
Okawaru
Qazlal
Ru
Sif Muna
Trog
Uskayaw
Vehumet
Wu Jian
Yredelemnul
Zin
The Shining One

Shops:
D:6 [

Annotations:
D:8 2 runed translucent doors, Kurtz's ghost, novice OpFi


Innate Abilities, Weirdness & Mutations

You are a tree.
Your roots penetrate the ground, keeping you stationary.
You cannot be teleported.
You are immune to unholy pain and torment.
Your maximum health is greatly increased.
Your equipment is partially melded.
You passively map the area around you.
You are easily found by Zot.
You glow in the dark.
You regain HP and MP as you explore.


Message History

The hell rat bites you but does no damage.
The adder bites you but does no damage. You block the adder's attack.
The hell rat bites the bush but does no damage.
The adder bites the bush.
The bullfrog hits you but does no damage.
The hell rat bites you!
* * * LOW HITPOINT WARNING * * *
Unknown command.
You hit the bullfrog.
The bullfrog is moderately wounded.
The blink frog blinks!
You block the hell rat's attack. The adder bites you but does no damage.
The bullfrog hits you but does no damage.
You block the adder's attack.
The hell rat bites the fungus.
The fungus begins to die.
The hell rat bites the bush but does no damage.
Unknown command.
Unknown command.
You smack the bullfrog!
The bullfrog is almost dead.
The blink frog blinks!
The hell rat barely misses you. You block the hell rat's attack.
The bullfrog hits you but does no damage.
The adder barely misses you. The adder bites you but does no damage.
Unknown command.
You smack the bullfrog!
You kill the bullfrog!
Okawaru accepts your kill.
The hell rat bites the fungus.
The hell rat bites the bush but does no damage.
You block the hell rat's attack. x2
The adder bites the bush but does no damage.
The adder bites you but does no damage.
Unknown command.
You hit the black mamba.
The black mamba is lightly wounded.
The hell rat bites the fungus!
The hell rat bites the bush but does no damage.
You block the hell rat's attack. The black mamba bites you!
You die... , ,, PP....$ ##P...... ,,* ##P..FP.P., * ### .....PPPP, ###P# .....PPPP * #...# #Sr.PPPPP

##...###SrSPPPPP
#....##♣SPlr.PP. ,
##...#rrrS....P.,,
,
##*#P...P.l.......P
,
#..#...PF.F..#.....
,, ,
#..§..P.......#...
, * *
#.##.....P.###F#.#
*, .. *#......## ,
.*.,, , ...
#.....## ,.. * ...
.......# *


You could see 2 komodo dragons, a black mamba, 3 blink frogs, 6 hell rats and 4
adders.

Vanquished Creatures
  Urug (Lair:1)
  A skyshark (Lair:2)
  A wolf spider (Lair:3)
  6 elephants (Lair:1)
  A cane toad (Lair:2)
  4 komodo dragons
  Prince Ribbit (D:5)
  4 blink frogs
  7 yaks (Lair:1)
  A wyvern (D:5)
  2 basilisks
  6 water moccasins
  2 black bears
  2 bullfrogs
  4 scorpions
  4 killer bees (D:9)
  3 howler monkeys
  2 orc priests
  A jelly (D:7)
  2 iguanas (D:5)
  A sleepcap (D:4)
  5 orc wizards
  The ghost of beavisfan the Sneak, a weakling KoDe (D:3)
  3 gnolls (D:7)
  7 adders
  A white imp (D:8)
  2 ufetubi
  2 worms
  2 dart slugs
  19 orcs
  6 ball pythons
  3 bats
  8 endoplasms
  2 giant cockroaches
  4 goblins
  6 hobgoblins
  6 jackals (D:1)
  2 kobolds
  2 quokkas
  5 frilled lizards
  3 rats
145 creatures vanquished.

Notes
Turn   | Place    | Note
-------+----------+-------------------------------------------
     0 | D:1      | lunkers the Meteoran Shapeshifter began the quest for the
                  | Orb.
     0 | D:1      | Reached XP level 1. HP: 16/16 MP: 2/2
   113 | D:1      | Reached XP level 2. HP: 14/23 MP: 3/3
   156 | D:1      | Reached skill level 4 in Unarmed Combat
   259 | D:1      | Reached XP level 3. HP: 23/28 MP: 4/4
   407 | D:2      | Found a faded altar of an unknown god.
   416 | D:2      | Prayed at the altar of an unknown god.
   416 | D:2      | Became a worshipper of Warmaster Okawaru
   416 | D:2      | Reached * piety under Okawaru
   669 | D:2      | Reached XP level 4. HP: 32/35 MP: 5/5
   671 | D:2      | Reached skill level 5 in Unarmed Combat
   927 | D:3      | Found an ancient bone altar of Kikubaaqudgha.
   960 | D:3      | Found a transporter.
   963 | D:3      | Noticed a water moccasin
   963 | D:3      | Noticed beavisfan's ghost (weakling KoDe)
   964 | D:3      | Found a transporter.
  1067 | D:3      | Reached XP level 5. HP: 40/40 MP: 6/6
  1311 | D:3      | Killed a water moccasin
  1312 | D:3      | Reached skill level 6 in Unarmed Combat
  1312 | D:3      | Reached skill level 5 in Shapeshifting
  1312 | D:3      | Reached XP level 6. HP: 47/47 MP: 7/7
  1316 | D:3      | Killed beavisfan's ghost
  1374 | D:4      | Reached ** piety under Okawaru
  1441 | D:4      | Reached skill level 7 in Unarmed Combat
  1472 | D:4      | Reached XP level 7. HP: 34/52 MP: 8/8
  1896 | D:5      | Entered Level 5 of the Dungeon
  1905 | D:5      | Reached skill level 8 in Unarmed Combat
  2016 | D:5      | Noticed a wyvern
  2021 | D:5      | Killed a wyvern
  2021 | D:5      | Reached *** piety under Okawaru
  2022 | D:5      | Reached XP level 8. HP: 41/59 MP: 9/9
  2112 | D:5      | Found a stormy altar of Qazlal.
  2124 | D:5      | Reached skill level 9 in Unarmed Combat
  2215 | D:5      | Noticed Prince Ribbit
  2246 | D:5      | Killed Prince Ribbit
  2257 | D:6      | Found Citesieh's Antique Armour Shop.
  2374 | D:6      | Reached **** piety under Okawaru
  2540 | D:7      | Found a staircase to the Ecumenical Temple.
  2597 | Temple   | Entered the Ecumenical Temple
  2619 | Temple   | Identified 2 scrolls of acquirement
  2619 | Temple   | Acquired 874 gold pieces
  2621 | Temple   | Acquired the +6 ring mail of Reakubeak {*Corrode Dex+6
                  | Stlth+}
  2755 | D:7      | Found a white marble altar of Elyvilon.
  2759 | D:7      | Reached skill level 10 in Unarmed Combat
  2783 | D:7      | Gained mutation: You passively map the area around you.
                  | [Meteoran growth]
  2783 | D:7      | Reached XP level 9. HP: 64/64 MP: 10/10
  2885 | D:7      | Reached skill level 1 in Invocations
  3205 | D:8      | Found a large runed translucent door.
  3205 | D:8      | Found a large runed translucent door.
  3213 | D:8      | Noticed Kurtz's ghost (novice OpFi)
  3538 | D:9      | Got a black book
  3552 | D:9      | Found a staircase to the Orcish Mines.
  3598 | D:9      | Found a staircase to the Lair.
  3609 | Lair:1   | Entered Level 1 of the Lair of Beasts
  3613 | Lair:1   | Noticed Urug
  3630 | Lair:1   | Killed Urug
  3631 | Lair:1   | Reached skill level 11 in Unarmed Combat
  3631 | Lair:1   | Reached XP level 10. HP: 10/77 MP: 13/13
  3761 | Lair:1   | Noticed an elephant
  3762 | Lair:1   | Noticed an elephant
  3762 | Lair:1   | Noticed an elephant
  3763 | Lair:1   | Noticed an elephant
  3782 | Lair:1   | Killed an elephant
  3783 | Lair:1   | Reached skill level 5 in Dodging
  3783 | Lair:1   | Reached skill level 12 in Unarmed Combat
  3783 | Lair:1   | Reached skill level 5 in Invocations
  3793 | Lair:1   | Killed an elephant
  3793 | Lair:1   | Reached ***** piety under Okawaru
  3795 | Lair:1   | Killed an elephant
  3799 | Lair:1   | Killed an elephant
  3799 | Lair:1   | Received a gift from Okawaru
  3800 | Lair:1   | Reached skill level 5 in Fighting
  3833 | Lair:1   | Noticed a komodo dragon
  3838 | Lair:1   | Noticed a komodo dragon
  3848 | Lair:1   | Killed a komodo dragon
  3854 | Lair:1   | Killed a komodo dragon
  3855 | Lair:1   | Reached XP level 11. HP: 88/88 MP: 16/16
  3966 | Lair:1   | Noticed an elephant
  3966 | Lair:1   | Noticed an elephant
  3983 | Lair:1   | Reached skill level 13 in Unarmed Combat
  3989 | Lair:1   | Killed an elephant
  4001 | Lair:1   | Killed an elephant
  4007 | Lair:1   | Noticed an elephant
  4070 | Lair:2   | Received a gift from Okawaru
  4070 | Lair:2   | Noticed a skyshark
  4081 | Lair:2   | Killed a skyshark
  4142 | Lair:2   | Found a burning altar of Makhleb.
  4165 | Lair:3   | Noticed a wolf spider
  4178 | Lair:3   | Killed a wolf spider
  4179 | Lair:3   | Reached skill level 14 in Unarmed Combat
  4189 | Lair:3   | Noticed a black mamba
  4196 | Lair:3   | Slain by a black mamba

Illustrated notes

Levels and vault maps discovered:
D:1:      eino_arrival_water_star, layout_loops_ring
D:2:      layout_basic, hellmonk_ecumenical_altar_crossroads
D:3:      layout_loops_ring, mainiacjoe_overflow_small_starburst,
          gammafunk_ghost_arena, nicolae_underground_beach
D:4:      layout_basic, led_xom_imps, portal_sewer_entry_b
D:5:      layout_basic, kennysheep_little_box, uniq_prince_ribbit1
D:6:      layout_basic, serial_corexii_hall, corexii_hall_statues_i,
          corexii_hall_statues_l, serial_shops, shop_fountains, uniq_maggie,
          uniq_sigmund
D:7:      layout_loops_cross, elyvilon_altar_3,
          minmay_temple_entry_gardened_gates, uniq_duvessa
D:8:      layout_loops_ring, fedhas_altar_4, ebering_ghost_disaster_area
D:9:      layout_irregular_city, dpeg_oklobed_lair, orc_0_dummy
Temple:   regret_index_temple_generic_petals
Lair:1:   layout_hall_layers, uniq_urug
Lair:2:   layout_chaotic_city, swamp_mist, alex1729_snake_entry_snake,
          basic_altar, lemuel_fruit_fields
Lair:3:   minmay_lair_venomous_thicket, layout_loops_ring, lemuel_fruit_tree,
          grunt_megastairs_3

Skill      XL: |  1  2  3  4  5  6  7  8  9 10 11 |
---------------+----------------------------------+-----
Unarmed Combat | 4 5 6 7 8 10 11 12 14 | 14.0
Shapeshifting  | 4 5 6 7 8 9 |  9.6
Invocations    | 3 6 7 |  7.6
Fighting       | 3 5 6 |  6.7
Dodging        | 4 5 7 |  7.0

Action                     |  1- 3 |  4- 6 |  7- 9 | 10-12 || total
---------------------------+-------+-------+-------+-------++-------
  Melee: Unarmed           |    80 |   103 |   153 |   199 ||   535
         Punch             |     1 |     5 |     6 |       ||    12
 Invoke: Heroism           |       |       |     1 |     4 ||     5
  Evoke: Wand              |       |       |     1 |       ||     1
    Use: Potion            |       |     1 |       |     1 ||     2
         Scroll            |       |       |    19 |       ||    19
   Stab: Sleeping          |       |       |     1 |       ||     1
 Armour: Animal skin       |    26 |       |       |       ||    26
         Scale mail        |    23 |    59 |    44 |       ||   126
         Skin              |       |    46 |       |    30 ||    76
         Ring mail         |       |       |    30 |    74 ||   104
  Dodge: Dodged            |    34 |    44 |    35 |    79 ||   192
  Block: Other             |       |       |    10 |       ||    10
         Buckler           |       |       |    21 |   103 ||   124

Table legend: (Time is in decaauts)
 A = Elapsed time spent in this place.
 B = Non-inter-level travel time spent in this place.
 C = Inter-level travel time spent in this place.
 D = Time resting spent in this place.
 E = Time spent auto-exploring this place.
 F = Levels seen in this place.
 G = Mean time per level.
                   A        B        C        D        E       F      G
               +--------+--------+--------+--------+--------+-----+--------+
         Total |   4105 |   3885 |    220 |     86 |   2550 |  13 |  315.8 |
       Dungeon |   3435 |   3238 |    197 |     18 |   2377 |   9 |  381.7 |
        Temple |    133 |    118 |     15 |     68 |      0 |   1 |  133.0 |
          Lair |    535 |    527 |      8 |      0 |    173 |   3 |  178.3 |
               +--------+--------+--------+--------+--------+-----+--------+

Top non-repeatable levels by time:
     D:3: 539 daAuts
     D:4: 519 daAuts
     D:2: 428 daAuts
     D:7: 414 daAuts
     D:1: 385 daAuts
  Lair:1: 380 daAuts
     D:5: 355 daAuts
     D:8: 344 daAuts
     D:6: 280 daAuts
     D:9: 167 daAuts
  Temple: 133 daAuts
  Lair:2: 124 daAuts
  Lair:3: 30 daAuts
